 Dungeon Crawl Stone Soup version 0.27-a0-789-g6bb3289e1e (webtiles) character file.

Game seed: 3829204042061879814

16 robertstho the Shooter (level 2, 0/25 HPs)
             Began as a Minotaur Hunter on Mar 26, 2021.
             Slain by a gnoll
             ... wielding a +1 vorpal spear
              (5 damage)
             ... on level 1 of the Dungeon.
             The game lasted 00:00:30 (290 turns).

robertstho the Shooter (Minotaur Hunter)             Turns: 290, Time: 00:00:30

Health: 0/25       AC:  3    Str: 16    XL:     2   Next: 37%
Magic:  1/1        EV: 11    Int:  8    God:
Gold:   16         SH:  0    Dex: 10    Spells: 1/1 levels left

rFire    . . .     SeeInvis .   e - +1 whip (elec)
rCold    . . .     Faith    .   (no shield)
rNeg     . . .     Spirit   .   c - +0 leather armour
rPois    .         Reflect  .   (helmet restricted)
rElec    .         Harm     .   (no cloak)
rCorr    .         Rampage  .   (no gloves)
Will     .....                  (no boots)
Stlth    +.........             (no amulet)
HPRegen  0.08/turn              (no ring)
MPRegen  0.07/turn              (no ring)

@: no status effects
A: horns 2, retaliatory headbutt
a: no special abilities


You were on level 1 of the Dungeon.
You visited 1 branch of the dungeon, and saw 1 of its levels.

You collected 16 gold pieces.

Inventory:

Hand Weapons
 a - a +1 shortbow
 b - a +0 short sword
 e - a +1 whip of electrocution (weapon)
Missiles
 d - 44 arrows
Armour
 c - a +0 leather armour (worn)


   Skills:
 * Level 2.4 Fighting
 * Level 4.9 Bows
 * Level 1.1 Armour
 + Level 2.1 Dodging
 - Level 0.7 Stealth


You had one spell level left.
You didn't know any spells.
Your spell library was empty.

Dungeon Overview and Level Annotations

Branches:
Dungeon (1/15)

Altars:


Innate Abilities, Weirdness & Mutations

You have a pair of horns on your head.
You reflexively headbutt those who attack you in melee.


Message History

No target in view!
No target in view!
No target in view!
No target in view!
No target in view!
No target in view!
No target in view!
No target in view!
No target in view!
No target in view!
No target in view!
No target in view!
You see here a hobgoblin corpse.
You see here a +0 hunting sling.
A gnoll comes into view. It is wielding a +1 vorpal spear.
The gnoll shouts!
A gnoll is nearby!
A gnoll is nearby!
A gnoll is nearby!
The gnoll barely misses you.
You hit the gnoll. Your headbutt misses the gnoll.
The gnoll is lightly wounded.
The gnoll hits you with a +1 vorpal spear!
You closely miss the gnoll. Your headbutt misses the gnoll.
The gnoll is lightly wounded.
The gnoll hits you with a +1 vorpal spear.
You are too injured to fight recklessly!
You are too injured to fight recklessly!
You are too injured to fight recklessly!
You hit the gnoll but do no damage.
The gnoll is lightly wounded.
The gnoll barely misses you.
You barely miss the gnoll.
The gnoll is lightly wounded.
The gnoll hits you with a +1 vorpal spear.
* * * LOW HITPOINT WARNING * * *
x2 You aren't carrying any potions.
Unknown command.
The gnoll hits you from afar with a +1 vorpal spear.
You die...

##### .## ## # ..# # #.#
. ..## #. # ...## .## .#
.#..### ..###.# .##...#
..#..#
..###.###########...###
#...............@.g...#
######.#########.##......
#..# #......# .....
##.####......# ....
#...)†......# ###
#####)......# #.......#
##......# #......#


You could see a gnoll.

Vanquished Creatures
  A dart slug (D:1)
  3 ball pythons (D:1)
  A bat (D:1)
  A goblin (D:1)
  2 hobgoblins (D:1)
  2 kobolds (D:1)
  2 rats (D:1)
12 creatures vanquished.

Notes
Turn   | Place    | Note
-------+----------+-------------------------------------------
     0 | D:1      | robertstho the Minotaur Hunter began the quest for the Orb.
     0 | D:1      | Reached XP level 1. HP: 18/18 MP: 0/0
   138 | D:1      | Reached skill level 1 in Armour
   138 | D:1      | Reached XP level 2. HP: 19/25 MP: 1/1
   290 | D:1      | Slain by a gnoll

Illustrated notes

Levels and vault maps discovered:
D:1:      dpeg_arrival_rooms_a, layout_rooms

Skill      XL: |  1 |
---------------+----+-----
Armour         | 1 |  1.1
Fighting       | |  2.4
Bows           | |  4.9
Dodging        | |  2.1
Stealth        | |  0.7

Action                   || total
-------------------------++-------
Melee: Short sword       ||     8
       Headbutt          ||     1
       Whip              ||     9
 Fire: Shortbow          ||    13
Armor: Leather armour    ||     4
Dodge: Dodged            ||    21

Table legend: (Time is in decaauts)
 A = Elapsed time spent in this place.
 B = Non-inter-level travel time spent in this place.
 C = Inter-level travel time spent in this place.
 D = Time resting spent in this place.
 E = Time spent auto-exploring this place.
 F = Levels seen in this place.
 G = Mean time per level.
                   A        B        C        D        E       F      G
               +--------+--------+--------+--------+--------+-----+--------+
         Total |    291 |    291 |      0 |      0 |    231 |   1 |  291.0 |
       Dungeon |    291 |    291 |      0 |      0 |    231 |   1 |  291.0 |
               +--------+--------+--------+--------+--------+-----+--------+

Top non-repeatable levels by time:
     D:1: 291 daAuts
